Map: Inside and Out

Players

LiquidClem (Clem) - Winner!

  • Race: Terran Terran
  • League: Grandmaster
  • Spawn Location: 7:00

PtitDrogo

  • Race: Protoss Protoss
  • Spawn Location: 1:00

Event: HomeStory Cup XXII

VOD

Have the link to the VOD?

Description

Time

  • Played on: Dec. 15, 2022, 6:04 a.m.
  • Length: 7:32

All games in this series

Show
View Real Time Build Order
Export as new Build Order

LiquidClem Terran - Winner!

Build Orders:  

Get SALT Encoding   

  12  0:00  SCV  
  13  0:12  SCV  
  14  0:17  Supply Depot  
  14  0:25  SCV  
  15  0:38  SCV  
  15  0:39  Barracks  
  16  0:44  Refinery  
  16  0:50  SCV  
  16  0:52  Refinery  
  17  1:02  SCV  
  18  1:15  SCV  
  19  1:26  Reaper  
  19  1:27  Orbital Command  
  19  1:28  Supply Depot  
  20  1:41  Factory  
  20  1:52  SCV  
  21  1:58  Barracks Reactor  
  21  2:04  SCV  
  22  2:16  Command Center  
  22  2:17  SCV  
  23  2:27  Hellion  
  25  2:32  Starport  
  25  2:33  SCV  
  26  2:39  Supply Depot  
  26  2:41  Marine  
  26  2:43  Marine  
  28  2:47  SCV  
  28  2:51  Widow Mine  
  31  3:01  SCV, Marine x2  
  34  3:08  Medivac  
  34  3:12  Widow Mine  
  38  3:13  SCV  
  39  3:27  SCV, Marine x2  
  42  3:34  Supply Depot  
  42  3:40  Factory Tech Lab, Starport Tech Lab  
  41  3:41  SCV  
  41  3:44  Orbital Command  
  41  3:46  Marine x2  
  44  3:54  SCV  
  45  3:59  Raven  
  47  4:02  Barracks  
  47  4:06  SCV  
  48  4:10  SCV  
  48  4:14  Siege Tank  
  52  4:18  SCV  
  52  4:22  SCV  
  52  4:24  Marine x2  
  52  4:25  Barracks  
  52  4:30  SCV  
  55  4:34  SCV  
  56  4:40  Supply Depot  
  56  4:42  Engineering Bay, SCV, Marine  
  56  4:43  Refinery  
  58  4:47  SCV, Bunker  
  58  4:50  Siege Tank  
  62  4:59  Supply Depot, Stimpack  
  62  5:01  SCV, Marine  
  62  5:02  SCV  
  62  5:04  Marine  
  62  5:05  Marine  
  67  5:13  SCV  
  69  5:14  SCV  
  69  5:16  Supply Depot  
  69  5:17  Terran Infantry Weapons Level 1  
  69  5:21  Refinery  
  69  5:26  SCV, Marine x2  
  69  5:27  SCV  
  69  5:28  Combat Shield  
  73  5:33  Marauder x2  
  77  5:37  Supply Depot  
  77  5:38  SCV  
  77  5:39  Starport Reactor  
  77  5:40  SCV  
  77  5:41  Factory Reactor  
  79  5:45  Marine x2  
  81  5:50  Supply Depot, SCV  
  81  5:52  SCV  
  83  5:57  Marauder  
  83  5:59  Supply Depot, Marauder  
  83  6:03  Marine x2  
  89  6:12  Supply Depot  
  89  6:15  Medivac x2  
  89  6:18  Widow Mine  
  95  6:19  Widow Mine, Marauder  
  95  6:20  Marauder  
  101  6:26  Supply Depot, Marine x2  
  102  6:41  Widow Mine x2  
  102  6:42  Command Center  
  102  6:44  Supply Depot  
  102  6:46  Marine x2  
  108  6:50  Medivac  
  108  6:51  Medivac  
  112  6:55  Marauder  
  112  6:57  Marauder  
  115  7:04  Widow Mine  
  115  7:05  Widow Mine, Marine  
  115  7:06  Marine  
  115  7:16  SCV  
  115  7:20  SCV  
Show
View Real Time Build Order
Export as new Build Order

PtitDrogo Protoss 

Build Orders: 1 Gate Expand, Blink Stalkers 

Get SALT Encoding   

  12  0:00  Probe  
  13  0:12  Probe  
  14  0:16  Pylon  
  14  0:24  Probe (Chrono Boost)  
  15  0:35  Gateway  
  15  0:36  Probe (Chrono Boost)  
  16  0:44  Probe (Chrono Boost)  
  16  0:45  Assimilator  
  17  0:51  Probe  
  18  1:03  Probe  
  19  1:22  Cybernetics Core  
  19  1:30  Nexus  
  19  1:34  Probe  
  19  1:39  Pylon  
  20  1:46  Assimilator  
  20  1:48  Probe  
  21  1:55  Adept (Chrono Boost)  
  21  2:00  Probe  
  18  2:01  Warp Gate  
  24  2:12  Probe  
  24  2:15  Shield Battery, Stalker (Chrono Boost)  
  27  2:24  Probe  
  28  2:36  Probe  
  29  2:38  Stalker  
  29  2:42  Probe (Chrono Boost)  
  32  2:48  Twilight Council  
  33  2:52  Probe (Chrono Boost)  
  33  2:56  Probe (Chrono Boost)  
  34  3:04  Probe x2 (Chrono Boost)  
  36  3:09  Gateway  
  36  3:10  Probe  
  37  3:13  Probe  
  37  3:19  Blink (Chrono Boost)  
  38  3:22  Probe  
  38  3:25  Probe  
  40  3:30  Robotics Facility  
  40  3:34  Probe  
  40  3:40  Probe  
  41  3:49  Stalker  
  41  3:51  Probe  
  41  3:52  Probe  
  45  3:57  Pylon  
  45  3:59  Pylon  
  45  4:05  Probe  
  46  4:21  Stalker x2  
  46  4:38  Warp Prism (Chrono Boost)  
  46  4:39  Probe x2  
  46  4:45  Stalker x2  
  54  4:51  Probe  
  55  4:59  Probe  
  56  5:02  Nexus  
  56  5:07  Charge (Chrono Boost)  
  56  5:08  Probe  
  57  5:15  Gateway, Probe  
  57  5:16  Gateway  
  58  5:21  Pylon  
  58  5:24  Assimilator  
  58  5:28  Sentry  
  61  5:30  Sentry  
  61  5:33  Gateway  
  62  5:36  Gateway  
  62  5:46  Gateway x2  
  62  5:52  Zealot  
  62  5:53  Zealot  
  66  5:57  Immortal (Chrono Boost)  
  70  6:06  Shield Battery  
  70  6:13  Gateway  
  70  6:16  Zealot x3  
  70  6:17  Zealot  
  78  6:19  Probe  
  78  6:21  Probe  
  78  6:23  Probe  
  81  6:29  Immortal (Chrono Boost)  
  85  6:42  Pylon  
  85  6:47  Pylon  
  85  6:56  Pylon  
  85  6:58  Shield Battery  
  85  6:59  Probe, Pylon  
  85  7:00  Probe x2  
  86  7:06  Stalker x2  
  86  7:07  Zealot x2  
  88  7:17  Zealot x3  
Tags
 
Add a new tag
Caveats
  • Supply blocks, unpowered buildings, or Contaminate may cause inaccurate times.
  • Supply counts are checked every 10 seconds.